cohdb
Replays
Latest Replays
All Replays
Popular Replays
Top Player Replays
Match Explorer
How It Works
Community
CoH3 Stats
Reddit
Sign in to upload your games and track your stats! →
Sign in with Steam
Match 45847842
Unlisted
Match 45847842
Overview
Messages
Build Orders
End
Royal Engineer Section
Construct Section Command Post
Dingo Light Scout Car
Infantry Section
Construct Platoon Command Post
Humber Armored Car
Selects Indian Artillery Battlegroup
Selects War Cry
Selects Gurkha Rifles Section
Gurkha Rifles Section
Infantry Training
Gurkha Rifles Section
Unlock Bishop Self-propelled Artillery
Bishop Self-propelled Artillery
Selects Artillery Saturation
Light Vehicle Training
Gurkha Rifles Section
Selects Pillage
6-pounder Anti-tank Gun Team
Selects Off-map Airburst Barrage
Team Weapon Training
Construct Company Command Post
Unlock M3 Grant Medium Tanks
M3 Grant Medium Tank
Foot Guards Section
Selects Perimeter Monitor
War Cry
Off-map Airburst Barrage
3nder
PAX AJAX
MoronPark-四海云水怒
MonikaのPants
0
0
Comments
sign in to comment!
No comments posted yet!